 Dungeon Crawl Stone Soup version 0.31.0-9-g3a7656b989 (webtiles) character file.

Game seed: 15206435120019043073

327 qw the Ducker (level 6, -1/30 HPs)
             Began as a Spriggan Hunter on Feb 2, 2024.
             Slain by an orc priest
             ... wielding a +0 mace
              (5 damage)
             ... on level 3 of the Dungeon.
             The game lasted 00:00:09 (1470 turns).

qw the Ducker (Spriggan Hunter)                     Turns: 1470, Time: 00:00:09

Health: -1/30      AC:  2    Str:  6    XL:     6   Next: 24%
Magic:  7/7        EV: 27    Int: 10    God:
Gold:   61         SH:  0    Dex: 30    Spells: 5/5 levels left

rFire   . . .        a - +0 shortbow
rCold   . . .        (shield currently unavailable)
rNeg    . . .        c - +0 robe
rPois   .            (helmet restricted)
rElec   .            (no cloak)
rCorr   .            (gloves unavailable)
SInv    +            (boots unavailable)
Will    +....        (no amulet)
Stlth   +++          b - +6 ring of dexterity
HPRegen 0.25/turn    (no ring)
MPRegen 0.10/turn

%: no passive effects
@: very quick
A: very small, no large weapons, unfitting armour, see invisible, speed 3, agile
1, MP-powered wands
a: no special abilities


You were on level 3 of the Dungeon.
You visited 1 branch of the dungeon, and saw 3 of its levels.

You collected 100 gold pieces.
You spent 39 gold pieces at shops.


Innate Abilities, Weirdness & Mutations

You are very small and have problems with some larger weapons.
You are too small for most types of armour.
You have supernaturally acute eyesight. (SInv)
You cover ground extremely quickly. (Speed+++)
You are agile. (Dex +4, Str/Int -1)
You expend magic power (3 MP) to strengthen your wands.


   Skills:
 + Level 1.9 Fighting
 - Level 5.0 Ranged Weapons
 - Level 7.7 Dodging
 - Level 1.5 Stealth


You had 5 spell levels left.
You didn't know any spells.
Your spell library was empty.

Inventory:

Hand Weapons
 a - a +0 shortbow (weapon)
Armour
 c - a +0 robe (worn)
 h - a +0 cloak
Jewellery
 b - a +6 ring of dexterity (left hand)
Wands
 i - a wand of digging (6)
Scrolls
 f - a scroll of identify
Potions
 d - a potion of might
 e - 4 potions of curing
 g - a potion of mutation

Dungeon Overview and Level Annotations

Branches:
Dungeon (3/15)

Altars:
Uskayaw

Shops:
D:3 *


Message History

The arrow hits the orc priest but does no damage.
The orc priest is moderately wounded.
The orc priest completely misses you.
You shoot an arrow.
The arrow hits the orc priest but does no damage.
The orc priest is moderately wounded.
The orc priest completely misses you.
You shoot an arrow. The arrow hits the orc priest.
The orc priest is heavily wounded.
The orc priest misses you.
You shoot an arrow. The arrow hits the orc priest.
The orc priest is severely wounded.
The orc priest misses you.
You shoot an arrow.
The arrow closely misses the orc priest.
The orc priest hits you with a +0 mace! The orc priest completely misses you.
You shoot an arrow.
The arrow closely misses the orc priest.
The orc priest completely misses you.
You shoot an arrow.
The arrow hits the orc priest but does no damage.
The orc priest is severely wounded.
The orc priest closely misses you.
You shoot an arrow. The arrow hits the orc priest.
The orc priest is severely wounded.
The orc priest misses you.
You shoot an arrow. The arrow barely misses the orc priest.
The orc priest completely misses you.
You shoot an arrow. The arrow barely misses the orc priest.
The orc priest invokes the aid of Beogh against you.
Beogh smites you!
You shoot an arrow. The arrow barely misses the orc priest.
The orc priest closely misses you. The orc priest completely misses you.
You shoot an arrow.
The arrow closely misses the orc priest.
The orc priest hits you with a +0 mace!
You shoot an arrow.
The arrow closely misses the orc priest.
The orc priest hits you with a +0 mace.
You die...

#.##.##.# #.#
#.......#
#....##.#
#.###..#.#.##
...#.##.#
#..........#
...#.# .#
#......###.##
...#
##)###).....#
...# #)#
#......# ...#
#.# #......#
#.###......##
#...@o.......
.
#......######
###
##.###.%.. ..
#+ ....). .#
....... .#
....... .#
....... .#
.......
.######.


You could see an orc priest.

Vanquished Creatures
  Sigmund (D:3)
  Jessica (D:3)
  Robin (D:3)
  3 gnolls (D:3)
  2 adders
  A dart slug (D:1)
  A ribbon worm (D:3)
  9 orcs
  3 endoplasms (D:2)
  2 giant cockroaches
  9 goblins
  12 hobgoblins
  2 quokkas
  2 ball pythons
  6 bats
  4 frilled lizards
  5 kobolds
  10 rats
74 creatures vanquished.

Notes
Turn   | Place    | Note
-------+----------+-------------------------------------------
     0 | D:1      | qw the Spriggan Hunter began the quest for the Orb.
     0 | D:1      | Reached XP level 1. HP: 10/10 MP: 2/2
     0 | D:1      | 0 ||| qw: Version: 0.3-a-155-g5e7d8dd
     0 | D:1      | 0 ||| qw: Game counter: 132
     0 | D:1      | 0 ||| qw: Melee chars always use a shield: true
     0 | D:1      | 0 ||| qw: God list: Okawaru
     0 | D:1      | 0 ||| qw: Allow faded altars: false
     0 | D:1      | 0 ||| qw: Do Orc after clearing Dungeon:15 true
     0 | D:1      | 0 ||| qw: Do second Lair branch before Depths: true
     0 | D:1      | 0 ||| qw: Lair rune preference: random
     0 | D:1      | 0 ||| qw: Goals: Normal
     0 | D:1      | 0 ||| PLANNING D:1-11
    40 | D:1      | Reached skill level 3 in Dodging
    69 | D:1      | Found a faded altar of an unknown god.
    96 | D:1      | Reached XP level 2. HP: 14/14 MP: 3/3
   119 | D:1      | Reached skill level 4 in Dodging
   427 | D:1      | 427 ||| READING scroll labelled CUQAWO DALUSEI.
   430 | D:1      | 430 ||| DRINKING 2 metallic orange potions.
   430 | D:1      | Gained mutation: You are agile. (Dex +4, Str/Int -1)
                  | [potion of mutation]
   430 | D:1      | Gained mutation: You expend magic power (3 MP) to
                  | strengthen your wands. [potion of mutation]
   431 | D:1      | 431 ||| DROPPING scroll of butterflies.
   453 | D:2      | Reached XP level 3. HP: 18/18 MP: 4/4
   849 | D:2      | 849 ||| READING 2 scrolls labelled NUAFRA XO BIJ.
   950 | D:2      | 950 ||| READING 2 scrolls labelled URCHAID VEGOR.
   950 | D:2      | 950 ||| IDENTIFYING metallic amethyst potion
   951 | D:2      | 951 ||| READING scroll of identify.
   951 | D:2      | 951 ||| IDENTIFYING fizzy white potion
   952 | D:2      | 952 ||| READING scroll labelled YPPEMY KEKAON.
   953 | D:2      | 953 ||| DRINKING 2 yellow potions.
   954 | D:2      | 954 ||| DROPPING scroll of vulnerability.
   955 | D:2      | 955 ||| DROPPING potion of lignification.
   982 | D:3      | Noticed Jessica
   991 | D:3      | 991 ||| FLEEEEING.
   992 | D:3      | 992 ||| FLEEEEING.
   993 | D:3      | 993 ||| FLEEEEING.
   994 | D:3      | 994 ||| FLEEEEING.
   995 | D:3      | 995 ||| FLEEEEING.
   996 | D:3      | 996 ||| FLEEEEING.
   998 | D:3      | 998 ||| STAIRDANCE
  1009 | D:3      | Killed Jessica
  1010 | D:3      | Reached skill level 5 in Dodging
  1010 | D:3      | Reached XP level 4. HP: 22/22 MP: 5/5
  1035 | D:3      | Noticed Robin
  1040 | D:3      | Killed Robin
  1062 | D:3      | Found Qoshricre's General Store.
  1068 | D:3      | 1068 ||| SHOPLISTING +6 sling of Viphe {drain, Fly} (543
                  | gold, have 69).
  1068 | D:3      | 1068 ||| BUYING potion of curing (39 gold).
  1068 | D:3      | Bought a potion of curing for 39 gold pieces
  1068 | D:3      | 1068 ||| SHOPLISTING potion of might (52 gold, have 30).
  1096 | D:3      | Found a hide-covered altar of Uskayaw.
  1126 | D:3      | HP: 5/22 [orc/+0 trident (9)]
  1129 | D:3      | 1129 ||| FLEEEEING.
  1130 | D:3      | 1130 ||| FLEEEEING.
  1131 | D:3      | 1131 ||| FLEEEEING.
  1132 | D:3      | 1132 ||| FLEEEEING.
  1133 | D:3      | 1133 ||| FLEEEEING.
  1138 | D:3      | 1138 ||| FLEEEEING.
  1139 | D:3      | 1139 ||| FLEEEEING.
  1140 | D:3      | 1140 ||| FLEEEEING.
  1141 | D:3      | 1141 ||| FLEEEEING.
  1142 | D:3      | 1142 ||| FLEEEEING.
  1143 | D:3      | 1143 ||| FLEEEEING.
  1144 | D:3      | 1144 ||| FLEEEEING.
  1145 | D:3      | 1145 ||| FLEEEEING.
  1146 | D:3      | 1146 ||| FLEEEEING.
  1147 | D:3      | 1147 ||| FLEEEEING.
  1149 | D:3      | 1149 ||| FLEEEEING.
  1152 | D:3      | 1152 ||| FLEEEEING.
  1153 | D:3      | 1153 ||| FLEEEEING.
  1154 | D:3      | 1154 ||| FLEEEEING.
  1155 | D:3      | 1155 ||| FLEEEEING.
  1156 | D:3      | 1156 ||| FLEEEEING.
  1157 | D:3      | 1157 ||| FLEEEEING.
  1158 | D:3      | 1158 ||| FLEEEEING.
  1160 | D:3      | 1160 ||| FLEEEEING.
  1161 | D:3      | 1161 ||| FLEEEEING.
  1165 | D:3      | 1165 ||| FLEEEEING.
  1166 | D:3      | 1166 ||| FLEEEEING.
  1169 | D:3      | 1169 ||| FLEEEEING.
  1170 | D:3      | 1170 ||| FLEEEEING.
  1171 | D:3      | 1171 ||| FLEEEEING.
  1172 | D:3      | 1172 ||| FLEEEEING.
  1173 | D:3      | 1173 ||| STAIRDANCE
  1209 | D:2      | 1209 ||| UPGRADING to +6 ring of dexterity.
  1212 | D:3      | 1212 ||| STAIRDANCE
  1326 | D:3      | Noticed Sigmund
  1334 | D:3      | Killed Sigmund
  1335 | D:3      | Reached skill level 7 in Dodging
  1335 | D:3      | Reached XP level 5. HP: 25/25 MP: 6/6
  1335 | D:3      | Reached XP level 6. HP: 30/30 MP: 7/7
  1469 | D:3      | HP: 4/30 [orc priest/+0 mace (7)]
  1470 | D:3      | Slain by an orc priest

Levels and vault maps discovered:
D:1:      lemuel_arrival_cross, layout_rooms, ebering_ecumenical_altar_webs
D:2:      layout_rooms
D:3:      cheibrodos_pilgrimage, layout_basic, lemuel_round_altar, serial_shops,
          shop, chequers_arboretum, hangedman_glass_teeth, uniq_robin,
          uniq_jessica, uniq_sigmund

Skill      XL: |  1  2  3  4  5  6 |
---------------+-------------------+-----
Dodging        | 3 4 5 7 |  7.7
Ranged Weapons | 5 |  5.0
Fighting       | |  1.9
Stealth        | |  1.5

Action                     |  1- 3 |  4- 6 || total
---------------------------+-------+-------++-------
   Fire: Shortbow          |   107 |   106 ||   213
    Use: Scroll            |     5 |       ||     5
         Potion            |     2 |       ||     2
 Armour: Robe              |     3 |    12 ||    15
  Dodge: Dodged            |    34 |    30 ||    64

Table legend:
 A = Non-vault XP
 B = Vault XP
 C = Vault XP percentage of total XP
 D = Non-vault monster count
 E = Vault monster count
 F = Vault count percentage of total count
                 A         B        C        D         E       F
            +---------+---------+-------+---------+---------+-------
      Total |     165 |     303 |  64.7 |      59 |      15 |  20.3
            +---------+---------+-------+---------+---------+-------
        D:1 |      38 |       0 |   0.0 |      24 |       0 |   0.0
        D:2 |      41 |       0 |   0.0 |      16 |       0 |   0.0
        D:3 |      86 |     303 |  77.9 |      19 |      15 |  44.1
            +---------+---------+-------+---------+---------+-------
